 Dungeon Crawl Stone Soup version 0.30-a0-857-gcaf70739d4 (webtiles) character file.

Game seed: 4973129776984820422

95 Newt the Shooter (level 4, -3/31 HPs)
             Began as a Kobold Hunter on Mar 6, 2023.
             Killed from afar by Maggie (15 damage)
             ... with a bolt of fire
             ... on level 7 of the Dungeon.
             The game lasted 00:02:43 (2318 turns).

Newt the Shooter (Kobold Hunter)                    Turns: 2318, Time: 00:02:44

Health: -3/31      AC:  4    Str:  8    XL:     4   Next: 95%
Magic:  4/4        EV: 14    Int: 10    God:
Gold:   218        SH:  0    Dex: 20    Spells: 3/3 levels left

rFire   . . .      SeeInvis .    a - +0 shortbow
rCold   . . .      Faith    .    (shield currently unavailable)
rNeg    + . .      Spirit   .    c - +1 leather armour
rPois   .          Reflect  .    (no helmet)
rElec   +          Rampage  .    (no cloak)
rCorr   .                        (no gloves)
Will    .....                    (no boots)
Stlth   +++                      (no amulet)
HPRegen 1.05/turn                e - ring of positive energy
MPRegen 0.09/turn                (no ring)

@: mighty, brilliant, about to teleport, hasted, unable to drink, very quick
A: small, no large weapons, nightstalker 3, regeneration 1, electricity
resistance, inability to drink after injury 1
a: no special abilities


You were on level 7 of the Dungeon.
You visited 1 branch of the dungeon, and saw 5 of its levels.

You collected 218 gold pieces.

Inventory:

Hand Weapons
 a - a +0 shortbow (weapon)
Armour
 c - a +1 leather armour (worn)
Jewellery
 e - a ring of positive energy (left hand)
Scrolls
 b - a scroll of immolation
 j - a scroll of vulnerability
 n - a scroll of silence
Potions
 d - 2 potions of curing
 f - a potion of degeneration
 i - a potion of brilliance
 k - 2 potions of attraction


   Skills:
 - Level 5.0 Fighting
 + Level 5.6 Ranged Weapons
 - Level 2.4 Dodging
 - Level 1.3 Stealth


You had 3 spell levels left.
You didn't know any spells.
Your spell library contained the following spells:

 Spells                   Type           Power      Damage    Failure   Level
 Kiss of Death            Conj/Necr      0%         2d5       50%         1
 Magic Dart               Conj           0%         1d3       50%         1
 Call Imp                 Summ           0%         N/A       63%         2
 Confusing Touch          Hex            0%         N/A       86%         3
 Mephitic Cloud           Conj/Pois/Air  0%         N/A       86%         3
 Dispel Undead            Necr           0%         3d6       99%         4


Dungeon Overview and Level Annotations

Branches:
Dungeon (4/15)
 Temple: D:4-7

Altars:
Fedhas

Shops:
D:2 =

Annotations:
D:1 1 transporter
D:7 Maggie


Innate Abilities, Weirdness & Mutations

You are small and have problems with some larger weapons.
You are completely attuned to the shadows.
Your natural rate of healing is unusually fast.
You are resistant to electric shocks. (rElec)
You occasionally lose the ability to drink potions when taking damage.


Message History

Unknown command.
You feel better. Maggie closely misses you.
You cannot move away from Maggie!
Unknown command.
It was a potion of brilliance.
You feel clever all of a sudden. Maggie hits you with a +0 war axe.
* * * LOW HITPOINT WARNING * * *
It was a potion of mutation.
You feel extremely strange.
You feel insulated.
You occasionally lose the ability to drink potions when taking damage.
You begin to heal more quickly.
Maggie barely misses you.
It was a potion of might.
You feel very mighty all of a sudden. Maggie misses you.
The lemure barely misses you.
You feel yourself speed up. The lemure closely misses you.
Maggie casts a spell at you. The bolt of fire misses you.
You feel better.
As you read the scroll of teleportation, it crumbles to dust.
You feel strangely unstable. Maggie barely misses you.
The lemure barely misses you.
Unknown command.
You shoot an arrow. The arrow barely misses Maggie.
You break out of your daze.
Maggie mumbles the words to a spell, but in the wrong order.
Maggie barely misses you. The lemure hits you.
You shoot an arrow.
The arrow hits Maggie but does no damage.
Maggie is lightly wounded.
The lemure misses you. Maggie hits you with a +0 war axe!
You shoot an arrow.
The arrow hits Maggie but does no damage.
Maggie is lightly wounded.
You shoot an arrow. The arrow barely misses Maggie.
Maggie points at you and mumbles some strange words.
The bolt of fire hits you!
You feel threatened and lose the ability to drink potions!
You die...

..##.......#
####.#.###
#.....#
###.#.#######
#........>#
............#
............#
............#
#.....5@#####
...@## ..?.
.... ....


You could see Maggie and a lemure.

Vanquished Creatures
  3 adders
  A white imp (D:7)
  A worm (D:2)
  3 dart slugs
  3 orcs (D:2)
  2 ball pythons
  3 bats
  5 endoplasms
  2 giant cockroaches
  6 goblins
  7 hobgoblins
  3 kobolds
  3 quokkas
  A frilled lizard (D:2)
  2 rats
45 creatures vanquished.

Vanquished Creatures (others)
  2 plants (D:3)
2 creatures vanquished.

Grand Total: 47 creatures vanquished

Notes
Turn   | Place    | Note
-------+----------+-------------------------------------------
     0 | D:1      | Newt the Kobold Hunter began the quest for the Orb.
     0 | D:1      | Reached XP level 1. HP: 12/12 MP: 1/1
   237 | D:1      | Reached XP level 2. HP: 19/19 MP: 2/2
   375 | D:1      | Found a faded altar of an unknown god.
   859 | D:2      | Reached XP level 3. HP: 17/24 MP: 3/3
  1075 | D:2      | Reached XP level 4. HP: 27/30 MP: 4/4
  1222 | D:2      | Found Lueppaas's Jewellery Shoppe.
  1839 | D:3      | Reached skill level 5 in Fighting
  2164 | D:3      | Found a blossoming altar of Fedhas.
  2259 | D:4      | You fall into a shaft and drop 3 floors!
  2302 | D:7      | Noticed Maggie
  2307 | D:7      | Noticed a lemure
  2310 | D:7      | Gained mutation: You are resistant to electric shocks.
                  | (rElec) [potion of mutation]
  2310 | D:7      | Gained mutation: You occasionally lose the ability to drink
                  | potions when taking damage. [potion of mutation]
  2310 | D:7      | Gained mutation: Your natural rate of healing is unusually
                  | fast. [potion of mutation]
  2318 | D:7      | Killed from afar by Maggie

Illustrated notes

Levels and vault maps discovered:
D:1:      spicycebolla_arrival_risky_transporter, layout_basic,
          hellmonk_ecumenical_altar_pennies_from_heaven, minmay_pentomino_x2
D:2:      layout_basic, serial_shops, shop, guppyfry_early_orc_mine
D:3:      layout_basic, fedhas_ov_isle_minmay
D:4:      layout_cave_pods, grunt_gozag_breadcrumbs, minmay_temple_entry_tees,
          enter_ossuary_2
D:7:      layout_rooms, uniq_pikel, uniq_maggie

Skill      XL: |  1  2  3  4 |
---------------+-------------+-----
Fighting       | 3 4 5 |  5.0
Ranged Weapons | |  5.6
Dodging        | |  2.4
Stealth        | |  1.3

Action                     |  1- 3 |  4- 6 || total
---------------------------+-------+-------++-------
   Fire: Shortbow          |    65 |    57 ||   122
    Use: Scroll            |     4 |     6 ||    10
         Potion            |     1 |     6 ||     7
 Armour: Leather armour    |     8 |     7 ||    15
  Dodge: Dodged            |    31 |    22 ||    53

Table legend: (Time is in decaauts)
 A = Elapsed time spent in this place.
 B = Non-inter-level travel time spent in this place.
 C = Inter-level travel time spent in this place.
 D = Time resting spent in this place.
 E = Time spent auto-exploring this place.
 F = Levels seen in this place.
 G = Mean time per level.
                   A        B        C        D        E       F      G
               +--------+--------+--------+--------+--------+-----+--------+
         Total |   2353 |   2171 |    182 |      0 |   1907 |   5 |  470.6 |
       Dungeon |   2353 |   2171 |    182 |      0 |   1907 |   5 |  470.6 |
               +--------+--------+--------+--------+--------+-----+--------+

Top non-repeatable levels by time:
     D:2: 902 daAuts
     D:1: 791 daAuts
     D:3: 529 daAuts
     D:4: 69 daAuts
     D:7: 60 daAuts
